 Dungeon Crawl Stone Soup version 0.15-a0-77-g44c3f01 (webtiles) character file.

93 Herrn the Ruffian (level 3, 17/21 HPs)
             Began as a Gargoyle Transmuter on Apr 7, 2014.
             Quit the game on Level 1 of the Dungeon.
             The game lasted 00:04:54 (798 turns).

Herrn the Ruffian (Gargoyle Transmuter)              Turns: 798, Time: 00:04:55

HP  17/21        AC  5     Str 13      XL: 3   Next:  6%
MP   6/6         EV 12     Int 13      God:
Gold 68          SH  0     Dex  9      Spells:  1 memorised,  5 levels left

rFire  . . .     SeeInvis .     j - +0,+1 mace
rCold  . . .     Clarity  .     c - +0 robe
rNeg   + . .     Conserve .     (no shield)
rPois  +         rCorr    .     (no helmet)
rElec  +         rRot     +     (no cloak)
SustAb . .       Spirit   .     (no gloves)
rMut   .         Warding  .     (boots unavailable)
Saprov . . .     Stasis   .     o - amulet of rage
MR     .....                    (no ring)
                                g - cursed -3,-2 ring of slaying

@: appendage (expiring), not resistant to hostile enchantments, very unstealthy
A: talons 3, clumsy 1, life protection 1, electricity resistance, spit poison 1,
unbreathing, petrification resistance, AC +3
a: Spit Poison, End Transformation, Evoke Berserk Rage


You were on level 1 of the Dungeon.
You were not hungry.
You had grown temporary talons.
You visited 1 branch of the dungeon, and saw 1 of its levels.

You collected 68 gold pieces.

Inventory:

Hand weapons
 b - a +1,+2 mace of distortion
 j - a +0,+1 mace (weapon)
Armour
 c - a +0 robe (worn)
 n - a +0 plate armour
Comestibles
 a - a bread ration
 h - a meat ration
 i - a pear
Scrolls
 e - a scroll of random uselessness
 f - 2 scrolls of identify
Jewellery
 g - a cursed -3,-2 ring of slaying (left hand)
 o - an amulet of rage (around neck)
Potions
 l - a potion of curing {unknown}
 m - a potion of might {unknown}
Books
 d - a book of Changes

   Spells                             Type                      Level
   *Beastly Appendage                 Transmutation                1
   Sticks to Snakes                   Transmutation                2
   Spider Form                        Transmutation/Poison         3
   Ice Form                           Ice/Transmutation            4
   Blade Hands                        Transmutation                5


   Skills:
 * Level 1.8 Fighting
 * Level 1.2 Armour
 + Level 1.9 Dodging
 - Level 3.2 Unarmed Combat
 * Level 2.2 Spellcasting
 + Level 1.7 Transmutations


You had 5 spell levels left.
You knew the following spells:

 Your Spells              Type           Power        Failure   Level  Hunger
a - Beastly Appendage     Trmt           #.....       14%         1    ##.....


Dungeon Overview and Level Annotations

Branches:
Dungeon (1/15)

Altars:


Innate Abilities, Weirdness & Mutations

You are resistant to torment.
You are immune to poison.
You are immune to rotting.
Your stone body is very resilient (AC +3).
You resist negative energy.
You are resistant to electric shocks.
You can survive without breathing.
You are immune to petrification.
You have claws for feet.
You are clumsy. (Dex -2)
You can spit poison.


Message History

You barely miss the kobold. Your kick misses the kobold.
The kobold is severely wounded.
The kobold hits you but does no damage. The kobold hits you.
You barely miss the kobold.
The kobold is severely wounded.
Your transformation is almost over.
The kobold misses you.
You barely miss the kobold. You claw the kobold, but do no damage.
The kobold is severely wounded.
The kobold closely misses you.
You barely miss the kobold.
The kobold is severely wounded.
The kobold closely misses you. x2
You hit the kobold.
You kill the kobold!
Things that are here:
a robe; a kobold corpse Unknown command.
Unknown command.
Are you sure you want to abandon this character and quit the game? (Confirm with "yes".)

##..%..#.####....#
.................#
########%####....#
# #.# #....# #
###.####....# #
#......#....# #
#......####.#
######......# #.#
.#######..(.# #@#
.%.....#.##.# #[#
#.####.#.##%# #.#
#.#.<#.#.##.# #.#
#.#..#.#.##.# #.#
#.#.##.#.##.####.#
#.#....#.##......#
#.######.##.#.##.#
........(.....##.#


There were no monsters in sight!

Vanquished Creatures
  A giant gecko (D:1)
  2 bats (D:1)
  3 hobgoblins (D:1)
  6 kobolds (D:1)
  3 giant newts (D:1)
  4 goblins (D:1)
  4 rats (D:1)
23 creatures vanquished.

Notes
Turn   | Place    | Note
--------------------------------------------------------------
     0 | D:1      | Herrn, the Gargoyle Transmuter, began the quest for the Orb.
     0 | D:1      | Reached XP level 1. HP: 12/12 MP: 3/3
   105 | D:1      | Reached XP level 2. HP: 6/16 MP: 4/4
   412 | D:1      | Reached skill level 1 in Armour
   460 | D:1      | Gained mutation: You are clumsy. (Dex -2) [mutagenic glow]
   491 | D:1      | Gained mutation: You can spit poison. [mutagenic glow]
   764 | D:1      | Reached XP level 3. HP: 17/21 MP: 4/6
   798 | D:1      | Quit the game

Action                   || total
-------------------------++-------
Melee: Unarmed           ||    39
       Mace              ||    66
 Cast: Beastly Appendage ||    11
  Use: Scroll            ||     4
